 Dungeon Crawl Stone Soup version 0.31.0-11-ge490571c62 (webtiles) character file.

Game seed: 14250853202771294039

64 qw the Shooter (level 3, -1/18 HPs)
             Began as a Spriggan Hunter on Feb 4, 2024.
             Killed from afar by an orc wizard (10 damage)
             ... with a puff of flame
             ... on level 3 of the Dungeon.
             The game lasted 00:00:05 (1386 turns).

qw the Shooter (Spriggan Hunter)                    Turns: 1386, Time: 00:00:06

Health: -1/18      AC:  2    Str:  7    XL:     3   Next: 91%
Magic:  4/4        EV: 19    Int: 10    God:
Gold:   80         SH:  0    Dex: 20    Spells: 2/2 levels left

rFire   . . .        a - +0 shortbow
rCold   . . .        (shield currently unavailable)
rNeg    . . .        c - +0 robe
rPois   .            (helmet restricted)
rElec   .            (no cloak)
rCorr   .            (gloves unavailable)
SInv    +            (boots unavailable)
Will    +....        (no amulet)
Stlth   ++           (no ring)
HPRegen 0.23/turn    (no ring)
MPRegen 0.09/turn

%: no passive effects
@: enlightened, flying, very quick
A: very small, no large weapons, unfitting armour, see invisible, speed 3
a: no special abilities


You were on level 3 of the Dungeon.
You visited 1 branch of the dungeon, and saw 3 of its levels.

You collected 122 gold pieces.
You spent 42 gold pieces at shops.


Innate Abilities, Weirdness & Mutations

You are very small and have problems with some larger weapons.
You are too small for most types of armour.
You have supernaturally acute eyesight. (SInv)
You cover ground extremely quickly. (Speed+++)


   Skills:
 - Level 1.5 Fighting
 - Level 5.0 Ranged Weapons
 + Level 4.2 Dodging
 - Level 1.5 Stealth


You had 2 spell levels left.
You didn't know any spells.
Your spell library was empty.

Inventory:

Hand Weapons
 a - a +0 shortbow (weapon)
Armour
 c - a +0 robe (worn)
Wands
 b - a wand of roots (5)
Scrolls
 d - 3 scrolls of teleportation
Potions
 e - 3 potions of curing
 g - a potion of cancellation {unknown}
 h - a potion of heal wounds {unknown}
 k - a potion of enlightenment
 m - a potion of magic {unknown}

Dungeon Overview and Level Annotations

Branches:
Dungeon (3/15)

Altars:

Shops:
D:1 ([(!


Message History

A rat comes into view.
You shoot an arrow. The arrow hits the rat.
You kill the rat!
You see here a rat corpse.
An orc comes into view. It is wielding a +0 falchion.
The orc moves out of view.
You shoot an arrow. The orc shouts!
The arrow hits the orc but does no damage.
You hear a shout!
An orc comes into view. It is wielding a +0 club.
An orc priest comes into view. It is wielding a +0 hand axe.
An orc wizard comes into view.
It is wielding a +0 dagger and wearing a +0 robe of willpower.
The orc priest shouts!
You shoot an arrow. The arrow closely misses the orc. x2
The orc wizard shouts!
An orc comes into view. It is wielding a +0 club.
You shoot an arrow. The arrow hits the orc.
The orc is severely wounded.
You shoot an arrow. The arrow hits the orc.
You kill the orc!
You shoot an arrow. The arrow hits the orc.
The orc is almost dead.
The orc priest looks braver for a moment.
You shoot an arrow. The arrow completely misses the orc.
The orc hits you with a +0 club.
You shoot an arrow. The arrow hits the orc.
You kill the orc!
You shoot an arrow. The arrow barely misses the orc wizard.
The arrow hits the orc but does no damage.
You shoot an arrow. The arrow barely misses the orc wizard.
The orc hits you with a +0 club. The orc wizard closely misses you.
You shoot an arrow.
The arrow closely misses the orc wizard.
The orc hits you with a +0 club.
The orc priest hits you but does no damage.
The orc wizard gestures at you while chanting.
The puff of flame hits you!
Ouch! That really hurt!
You die...

## .. #.# ### ####..
#.# #.... #.# ##...
.######.# #.oo#
......(.######.o@####
#######.............#
##.#####...##..#
#.##......# ..#
..######....#..%.#
...
..........##.....# ..
.......<.....#...# .
........#.########
..........#


You could see an orc priest, an orc wizard and an orc.

Vanquished Creatures
  2 adders (D:2)
  A dart slug (D:2)
  2 orcs (D:3)
  5 endoplasms
  2 hobgoblins
  4 jackals (D:1)
  7 kobolds
  3 ball pythons (D:2)
  4 bats
  2 frilled lizards
  3 goblins
  3 rats
38 creatures vanquished.

Notes
Turn   | Place    | Note
-------+----------+-------------------------------------------
     0 | D:1      | qw the Spriggan Hunter began the quest for the Orb.
     0 | D:1      | Reached XP level 1. HP: 10/10 MP: 2/2
     0 | D:1      | 0 ||| qw: Version: 0.3-a-160-g6735b56
     0 | D:1      | 0 ||| qw: Game counter: 4590
     0 | D:1      | 0 ||| qw: Melee chars always use a shield: true
     0 | D:1      | 0 ||| qw: God list: Okawaru
     0 | D:1      | 0 ||| qw: Allow faded altars: false
     0 | D:1      | 0 ||| qw: Do Orc after clearing Dungeon:15 true
     0 | D:1      | 0 ||| qw: Do second Lair branch before Depths: true
     0 | D:1      | 0 ||| qw: Lair rune preference: random
     0 | D:1      | 0 ||| qw: Goals: Normal
     0 | D:1      | 0 ||| PLANNING D:1-11
     4 | D:1      | Found Deplull's Weapon Emporium.
     9 | D:1      | 9 ||| SHOPLISTING +4 sling of Trog's Delight {flame, *Slow
                  | rN+ Dex+3} (346 gold, have 2).
    44 | D:1      | Reached skill level 3 in Dodging
    68 | D:1      | Found Xuux's Armour Shoppe.
   165 | D:1      | Found Puzxiut's Distillery.
   172 | D:1      | Reached XP level 2. HP: 14/14 MP: 3/3
   189 | D:1      | 189 ||| BUYING potion of curing (42 gold).
   189 | D:1      | Bought a potion of curing for 42 gold pieces
   189 | D:1      | 189 ||| SHOPLISTING potion of enlightenment (70 gold, have
                  | 40).
   189 | D:1      | 189 ||| SHOPLISTING potion of mutation (112 gold, have 40).
   233 | D:1      | Found Mykat's Antique Weapon Boutique.
   237 | D:1      | Found a faded altar of an unknown god.
   238 | D:1      | 238 ||| READING scroll labelled WUUZYLASHRA.
   239 | D:1      | 239 ||| READING scroll labelled DOAQ KUMULLEIS.
   240 | D:1      | 240 ||| DROPPING scroll of butterflies.
   242 | D:1      | 242 ||| Stepping ~*~*~tactically~*~*~ (cloud).
   748 | D:1      | 748 ||| READING scroll labelled QOGUIC ROSMA.
   839 | D:2      | 839 ||| RETREEEEATING.
   840 | D:2      | 840 ||| RETREEEEATING.
   842 | D:2      | Reached XP level 3. HP: 17/18 MP: 4/4
  1096 | D:2      | Reached skill level 5 in Ranged Weapons
  1217 | D:2      | 1217 ||| READING scroll of identify.
  1217 | D:2      | 1217 ||| IDENTIFYING murky clear potion
  1218 | D:2      | 1218 ||| READING scroll labelled RUUFAOHEZO.
  1319 | D:2      | 1319 ||| READING 3 scrolls labelled KENURCH ZEUVATHRUCS.
  1320 | D:2      | 1320 ||| DRINKING 2 fuming black potions.
  1321 | D:2      | 1321 ||| DROPPING potion of brilliance.
  1322 | D:2      | 1322 ||| DROPPING 2 scrolls of revelation.
  1386 | D:3      | Killed from afar by an orc wizard

Levels and vault maps discovered:
D:1:      doesnt_arrival_eight_statues, layout_basic,
          ebering_ecumenical_altar_hall, serial_shops, shop, shop, shop, shop
D:2:      layout_rooms
D:3:      layout_rooms, demons_altar, pf_guarded_unrand_woodcutter

Skill      XL: |  1  2  3 |
---------------+----------+-----
Dodging        | 3 4 |  4.2
Ranged Weapons | 5 |  5.0
Fighting       | |  1.5
Stealth        | |  1.5

Action                     || total
---------------------------++-------
   Fire: Shortbow          ||   106
    Use: Scroll            ||     6
         Potion            ||     1
 Armour: Robe              ||    21
  Dodge: Dodged            ||    50

Table legend:
 A = Non-vault XP
 B = Vault XP
 C = Vault XP percentage of total XP
 D = Non-vault monster count
 E = Vault monster count
 F = Vault count percentage of total count
                 A         B        C        D         E       F
            +---------+---------+-------+---------+---------+-------
      Total |      92 |       0 |   0.0 |      38 |       0 |   0.0
            +---------+---------+-------+---------+---------+-------
        D:1 |      22 |       0 |   0.0 |      14 |       0 |   0.0
        D:2 |      63 |       0 |   0.0 |      21 |       0 |   0.0
        D:3 |       7 |       0 |   0.0 |       3 |       0 |   0.0
            +---------+---------+-------+---------+---------+-------
